 Dungeon Crawl Stone Soup version 0.29.1-15-g9cfb28693d (webtiles) character file.

Game seed: 7730562116362540625

11687 Xarn the Shield-Bearer (level 11, -3/97 (101) HPs)
             Began as a Troll Fighter on Feb 28, 2023.
             Was an Elder of Cheibriados.
             Killed from afar by an orc sorcerer (39 damage)
             ... with a bolt of fire
             ... on level 2 of the Orcish Mines.
             The game lasted 00:46:37 (8902 turns).

Xarn the Shield-Bearer (Troll Fighter)              Turns: 8902, Time: 00:46:38

HP:   -3/97 (101)   AC: -3    Str: 34    XL:     11   Next: 52%
MP:   13/13         EV: 12    Int: 19    God:    Cheibriados [****..]
Gold: 1078          SH: 19    Dex: 31    Spells: 7/15 levels left

rFire   . . .      SeeInvis +   k - +5 hand axe (distort)
rCold   . . .      Faith    +   r - +0 tower shield
rNeg    . . .      Spirit   .   a - +0 robe
rPois   +          Reflect  .   (helmet restricted)
rElec   +          Harm     .   (no cloak)
rCorr   .          Rampage  .   (gloves unavailable)
Will    ++...                   (boots unavailable)
Stlth   +++.......              I - amulet of Rarghimu {Faith rElec Will+ Str-3 SInv}
HPRegen 1.06/turn               f - +6 ring of dexterity
MPRegen 0.13/turn               s - +6 ring of intelligence

@: mighty, corroded, lightly drained, very slow
A: large, unfitting armour, claws 3, regeneration 1, shaggy fur 1, tough skin 1,
agile 1, strong-willed 1, poison resistance, sturdy frame 1
a: Renounce Religion, Bend Time, Temporal Distortion, Slouch


You were on level 2 of the Orcish Mines.
You worshipped Cheibriados.
Cheibriados was greatly pleased with you.
You visited 2 branches of the dungeon, and saw 12 of its levels.
You also visited: Sewer and Bailey.

You collected 1135 gold pieces.
You spent 57 gold pieces at shops.

Inventory:

Hand Weapons
 k - a +5 hand axe of distortion (weapon)
Missiles
 B - 5 boomerangs (quivered)
 J - 2 silver boomerangs
Armour
 a - a +0 robe (worn)
 b - a +0 kite shield
 r - a +0 tower shield (worn)
Jewellery
 f - a +6 ring of dexterity (left claw)
 j - a ring of flight
 p - a ring of resist corrosion
 q - an amulet of the acrobat
 s - a +6 ring of intelligence (right claw)
 u - a +6 ring of strength
 x - an amulet of guardian spirit
 E - a ring of fire
 I - the amulet of Rarghimu (around neck) {Faith rElec Will+ Str-3 SInv}
   (You found it on level 10 of the Dungeon)

   [amulet of faith]

   It allows you to gain divine favour quickly.
   Str:       It affects your strength (-3).
   rElec:     It insulates you from electricity.
   SInv:      It lets you see invisible.
   Will:      It increases your willpower.
Wands
 d - a wand of digging (3)
 h - a wand of flame (4)
Scrolls
 i - a scroll of magic mapping
 l - 5 scrolls of vulnerability
 m - 2 scrolls of blinking
 n - 3 scrolls of immolation
 t - 2 scrolls of teleportation
 y - a scroll of butterflies
 D - a scroll of brand weapon
 F - a scroll of noise
 H - a scroll of torment
Potions
 e - 3 potions of curing
 g - a potion of degeneration
 o - a potion of berserk rage
 v - a potion of haste {unknown}
 w - a potion of brilliance
 z - a potion of cancellation
 A - 2 potions of heal wounds
 C - 2 potions of magic {unknown}
 G - a potion of lignification {unknown}


   Skills:
 * Level 4.5 Fighting
 * Level 5.3 Axes
 * Level 4.0 Throwing
 * Level 3.7 Armour
 * Level 5.4 Dodging
 * Level 3.0 Stealth
 * Level 6.9 Shields
 * Level 5.1 Unarmed Combat
 * Level 2.6 Spellcasting
 * Level 2.6 Conjurations
 * Level 3.2 Transmutations
 * Level 3.0 Earth Magic
 * Level 3.2 Invocations
 * Level 3.1 Evocations


You had 7 spell levels left.
You knew the following spells:

 Your Spells              Type           Power      Damage    Failure   Level
a - Wereblood             Tmut           14%        N/A       32%         2
b - Spider Form           Tmut/Pois      8%         N/A       77%         3
c - Stone Arrow           Conj/Erth      26%        3d8       58%         3

Your spell library contained the following spells:

 Spells                   Type           Power      Damage    Failure   Level
 Beastly Appendage        Tmut           28%        N/A       22%         1
 Sandblast                Erth           28%        2d8       24%         1
 Passwall                 Tmut/Erth      11%        N/A       34%         2
 Petrify                  Tmut/Erth      14%        N/A       92%         4
 Leda's Liquefaction      Hex/Erth       4%         N/A       99%         4
 Summon Ice Beast         Ice/Summ       2%         N/A       100%        4
 Lee's Rapid Deconstruct  Erth           7%         3d7*      100%        5
 Metabolic Englaciation   Hex/Ice        1%         N/A       100%        5
 Summon Mana Viper        Hex/Summ       2%         N/A       100%        5
 Statue Form              Tmut/Erth      9%         N/A       100%        6
 Monstrous Menagerie      Summ           1%         N/A       100%        7


Dungeon Overview and Level Annotations

Branches:
Dungeon (10/15)            Temple (0/1) D:7             Orc (2/2) D:10
  Sewer (visited)          Bailey (visited)
   Lair: D:8-11         Elf: Orc:2

Altars:
Cheibriados
Makhleb
Qazlal
Yredelemnul

Shops:
D:2 *   D:3 [


Innate Abilities, Weirdness & Mutations

You are too large for most types of armour.
You have claws for hands.
Your natural rate of healing is unusually fast.
You are covered in fur. (AC +1)
You have tough skin. (AC +1)
You are agile. (Dex +4, Str/Int -1)
You are strong-willed. (Will+)
Your system is resistant to poisons. (rPois)
Your movements are slightly less encumbered by armour. (ER -2)


Message History

You throw a boomerang.
The boomerang hits the orc sorcerer but does no damage.
The orc sorcerer is moderately wounded.
The orc sorcerer casts a spell.
Activating: Slouch (34% risk of failure)
Press: ? - help, Dir - look around, f - activate You fail to use your ability.
You block the soul eater's attack.
Unknown command.
The orc sorcerer completely misses you. The soul eater closely misses you.
You block the rust devil's attack.
The orc sorcerer hits you with a +0 dagger.
You hit the orc sorcerer.
Space warps horribly around the orc sorcerer!
The orc sorcerer is almost dead.
You hit the soul eater but do no damage.
The soul eater is devoured by a tear in reality.
You hit the rust devil but do no damage.
The rust devil hits you! The rust devil corrodes you!
The orc sorcerer barely misses you. The rust devil hits you!
The rust devil corrodes you!
You hit the orc sorcerer but do no damage.
The orc sorcerer is almost dead.
You closely miss the rust devil.
The orc sorcerer blinks!
You block the rust devil's attack.
The orc sorcerer points at you and mumbles some strange words.
The bolt of negative energy misses you.
Unknown command.
Blink to where?
Press: ? - help, Dir - move target An orc sorcerer comes into view.
It is wielding a +0 dagger.
As you read the scroll of blinking, it crumbles to dust.
The orc sorcerer shouts!
The orc sorcerer gestures at you while chanting.
You resist with almost no effort.
You feel very mighty all of a sudden.
The orc sorcerer points at you and mumbles some strange words.
The bolt of negative energy hits you!!
You feel drained. The orc sorcerer casts a spell at you.
The bolt of fire hits you!!!
You die...

## #+# o.. #.. ....
#.##..... ####........
#...@o......
##...4#..#### ####
#............. .#.#
#........#.#.. .#...
##...§......##....##..
#...§§..#.............
#..##.......##.##.#...
#.......###∩∩...∩∩#.#.
#.#..#.............88#.


You could see a rust devil (summoned) and 2 orc sorcerers.

Vanquished Creatures
  2 two-headed ogres
  An orc knight (Orc:2)
  Joseph (D:7)
  An efreet (D:9)
  Prince Ribbit (D:7)
  5 saltlings (Orc:2)
  7 spriggans (Bailey)
  3 wyverns
  A wraith (D:9)
  3 yaks (D:10)
  A steam dragon (Bailey)
  A warg (Orc:2)
  Duvessa (D:7)
  An ice beast (D:7)
  Pargi (Sewer)
  8 orc warriors
  A sky beast (D:7)
  2 black bears
  10 ogres
  5 centaurs
  A phantom (D:7)
  A kobold brigand (D:8)
  2 bullfrogs
  A gnoll sergeant (D:8)
  A scorpion (D:4)
  Dowan (D:7)
  5 killer bees (D:9)
  A crimson imp (D:5)
  5 hounds
  3 jellies
  Crazy Yiuf (D:4)
  3 orc priests
  Jessica (D:2)
  Terence (D:2)
  6 iguanas
  7 orc wizards
  11 adders
  11 gnolls
  2 river rats (D:5)
  4 shadow imps
  2 white imps
  3 ufetubi
  4 worms (D:5)
  19 orcs
  15 bats
  8 endoplasms
  5 giant cockroaches
  14 goblins
  9 hobgoblins
  3 jackals (D:5)
  4 quokkas
  8 ball pythons
  A frilled lizard (D:1)
  14 kobolds
  10 rats
  A pillar of salt (Orc:2)
244 creatures vanquished.

Vanquished Creatures (collateral kills)
  An endoplasm (D:3)
  A goblin (D:3)
  A frilled lizard (D:3)
3 creatures vanquished.

Vanquished Creatures (others)
  2 fungi (D:4)
  2 plants (D:3)
4 creatures vanquished.

Grand Total: 251 creatures vanquished

Notes
Turn   | Place    | Note
-------+----------+-------------------------------------------
     0 | D:1      | Xarn the Troll Fighter began the quest for the Orb.
     0 | D:1      | Reached XP level 1. HP: 22/22 MP: 0/0
   158 | D:1      | Reached XP level 2. HP: 29/29 MP: 1/1
   265 | D:2      | Found Hokorheili's Assorted Antiques.
   399 | D:2      | Noticed Terence
   412 | D:2      | Killed Terence
   413 | D:2      | Reached XP level 3. HP: 30/36 MP: 2/2
   467 | D:2      | Bought a scroll labelled LOFAFI WAONG for 19 gold pieces
   467 | D:2      | Bought a scroll of identify for 38 gold pieces
   470 | D:2      | Gained mutation: You are agile. (Dex +4, Str/Int -1)
                  | [potion of mutation]
   470 | D:2      | Gained mutation: You are strong-willed. (Will+) [potion of
                  | mutation]
   470 | D:2      | Gained mutation: Your movements are slightly less
                  | encumbered by armour. (ER -2) [potion of mutation]
   470 | D:2      | Gained mutation: Your system is resistant to poisons.
                  | (rPois) [potion of mutation]
   515 | D:3      | Learned a level 2 spell: Wereblood
   654 | D:3      | Reached skill level 3 in Shields
   654 | D:3      | Reached XP level 4. HP: 44/44 MP: 3/3
   753 | D:4      | Found a stormy altar of Qazlal.
   906 | D:4      | Reached skill level 1 in Throwing
   913 | D:4      | Reached XP level 5. HP: 20/50 MP: 4/4
   963 | D:5      | Entered Level 5 of the Dungeon
   994 | D:5      | Reached skill level 1 in Axes
   994 | D:5      | Reached skill level 1 in Armour
  1064 | D:5      | Found a snail-covered altar of Cheibriados.
  1064 | D:5      | Found a basalt altar of Yredelemnul.
  1086 | D:5      | Reached XP level 6. HP: 59/59 MP: 5/5
  1153 | D:5      | Reached skill level 1 in Stealth
  1205 | D:5      | Reached skill level 1 in Transmutations
  1223 | D:5      | Reached XP level 7. HP: 48/67 MP: 7/7
  1274 | D:5      | Found a glowing drain.
  1284 | D:5      | Reached skill level 1 in Evocations
  1294 | Sewer    | Entered a sewer
  1344 | Sewer    | Noticed Pargi
  1354 | Sewer    | Killed Pargi
  1572 | D:5      | Became a worshipper of Cheibriados the Contemplative
  1699 | D:5      | Found a burning altar of Makhleb.
  1890 | D:4      | Reached skill level 1 in Spellcasting
  2214 | D:4      | Found a runed translucent door.
  2215 | D:4      | Noticed Crazy Yiuf
  2224 | D:4      | Killed Crazy Yiuf
  2354 | D:3      | Found Huddae Ramu's Antique Armour Boutique.
  2425 | D:3      | Identified the +0 leather armour "Fynoumougoy" {Regen+ MP-9
                  | SInv}
  2618 | D:2      | Noticed Jessica
  2629 | D:2      | Killed Jessica
  2765 | D:2      | Reached * piety under Cheibriados
  2979 | D:2      | Learned a level 1 spell: Beastly Appendage
  3200 | D:1      | Found a faded altar of an unknown god.
  3364 | D:1      | Reached ** piety under Cheibriados
  3583 | D:1      | Reached XP level 8. HP: 75/75 MP: 8/8
  3966 | D:6      | Reached skill level 4 in Shields
  4138 | D:6      | Learned a level 3 spell: Stone Arrow
  4648 | D:7      | Reached skill level 1 in Invocations
  4658 | D:7      | Noticed Duvessa
  4658 | D:7      | Noticed Dowan
  4664 | D:7      | Killed Duvessa
  4665 | D:7      | Killed Dowan
  4894 | D:7      | Noticed Prince Ribbit
  4913 | D:7      | Killed Prince Ribbit
  4914 | D:7      | Reached skill level 1 in Conjurations
  4914 | D:7      | Reached XP level 9. HP: 60/83 MP: 6/10
  4918 | D:7      | Reached skill level 1 in Earth Magic
  5025 | D:8      | Found a flagged portal.
  5036 | Bailey   | Entered a bailey
  5081 | Bailey   | Reached skill level 5 in Shields
  5081 | Bailey   | Reached *** piety under Cheibriados
  5233 | Bailey   | Noticed a two-headed ogre
  5249 | Bailey   | Killed a two-headed ogre
  5250 | Bailey   | Reached XP level 10. HP: 14/92 MP: 1/12
  5744 | D:9      | Noticed a two-headed ogre
  5747 | D:9      | Banished a two-headed ogre
  5748 | D:9      | Reached skill level 6 in Shields
  5998 | D:9      | Reached skill level 5 in Dodging
  6027 | D:9      | Reached **** piety under Cheibriados
  6680 | D:8      | Learned a level 3 spell: Spider Form
  7349 | D:7      | Found a staircase to the Ecumenical Temple.
  7401 | D:7      | Noticed Joseph
  7409 | D:7      | Killed Joseph
  7977 | D:10     | Entered Level 10 of the Dungeon
  7991 | D:10     | Noticed a two-headed ogre
  8001 | D:10     | Killed a two-headed ogre
  8002 | D:10     | Reached XP level 11. HP: 71/100 MP: 4/13
  8009 | D:10     | Identified the amulet of Rarghimu {Faith rElec Will+ Str-3
                  | SInv}
  8053 | D:10     | Found a staircase to the Orcish Mines.
  8094 | Orc:1    | Entered Level 1 of the Orcish Mines
  8094 | Orc:1    | Noticed an orc sorcerer
  8102 | Orc:1    | Banished an orc sorcerer
  8140 | Orc:1    | Reached skill level 5 in Axes
  8165 | Orc:1    | Reached skill level 5 in Unarmed Combat
  8563 | Orc:2    | Entered Level 2 of the Orcish Mines
  8696 | Orc:2    | Noticed an orc knight
  8701 | Orc:2    | Reached ***** piety under Cheibriados
  8706 | Orc:2    | Killed an orc knight
  8886 | Orc:2    | Noticed an orc sorcerer
  8897 | Orc:2    | Noticed a soul eater
  8901 | Orc:2    | Noticed an orc sorcerer
  8902 | Orc:2    | Killed from afar by an orc sorcerer

Illustrated notes

Levels and vault maps discovered:
D:1:      grunt_arrival_crossed_arrows, layout_basic, basic_ecumenical_altar
D:2:      layout_basic, serial_shops, nicolae_shop_trees, solitary_fountain,
          uniq_terence, uniq_jessica
D:3:      layout_basic, serial_shops, nicolae_shop_overgrown_old_shop,
          serial_bayou_pond_b, minmay_diced_spiral
D:4:      layout_cave_pools, old_standard_altar, grunt_ministairs_8,
          kennysheep_pointless_box, st_stairs_7, kennysheep_generic_room_11,
          uniq_crazy_yiuf_cottage
D:5:      layout_rooms, grunt_temple_overflow_open, makhleb_grotto_becter,
          lightli_sewer_entry_pipes
D:6:      layout_cave_pods
D:7:      layout_basic, minmay_temple_entry_purple_smoke,
          hangedman_minor_gate_pass, uniq_duvessa, uniq_prince_ribbit1,
          uniq_joseph
D:8:      layout_cave_pods, enter_bailey_2
D:9:      layout_irregular_city
D:10:     minmay_separated_statues, layout_loops_ring, lemuel_round_altar,
          orc_0_dummy, gammafunk_ghost_cemetery
Orc:1:    layout_caves, serial_shops, shop
Orc:2:    hellmonk_orc_salted, layout_caves

Skill      XL: |  1  2  3  4  5  6  7  8  9 10 11 |
---------------+----------------------------------+-----
Shields        | 3 4 5 6 |  6.9
Throwing       | 1 2 3 4 |  4.0
Axes           | 1 2 3 4 5 |  5.3
Armour         | 1 2 3 |  3.7
Dodging        | 3 4 5 |  5.4
Stealth        | 1 2 3 |  3.0
Unarmed Combat | 3 4 5 |  5.1
Fighting       | 3 4 |  4.5
Transmutations | 1 2 3 |  3.2
Evocations     | 1 2 3 |  3.1
Spellcasting   | 1 2 |  2.6
Invocations    | 1 2 3 |  3.2
Conjurations   | 1 2 |  2.6
Earth Magic    | 2 3 |  3.0

Action                   |  1- 3 |  4- 6 |  7- 9 | 10-12 || total
-------------------------+-------+-------+-------+-------++-------
Melee: Unarmed           |    44 |       |       |       ||    44
       Hand axe          |    23 |    73 |   224 |   185 ||   505
Throw: Dart              |     1 |     2 |     6 |     1 ||    10
       Boomerang         |       |       |       |    21 ||    21
Invok: Bend Time         |       |       |     2 |     1 ||     3
       Temporal Distorti |       |       |     1 |       ||     1
       Slouch            |       |       |       |     2 ||     2
Evoke: Wand              |       |     1 |    10 |       ||    11
  Use: Scroll            |     5 |     2 |     9 |    12 ||    28
       Potion            |     1 |     1 |     4 |     4 ||    10
 Stab: Sleeping          |       |     3 |    16 |     2 ||    21
       Distracted        |       |     1 |       |       ||     1
Armor: Robe              |    25 |    17 |    64 |    13 ||   119
Dodge: Dodged            |    44 |    36 |   113 |    79 ||   272
Block: Kite shield       |    11 |    47 |    31 |       ||    89
       Tower shield      |       |       |   248 |   242 ||   490
